| TOP OF THE 1ST |
|
Mobile Bears batting - Pitching for Savannah Indians : LHP Dennis Rasmussen
|
|
Pitching: LHP Dennis Rasmussen
|
|
|
Batting: LHB Jeffrey Szczecinski
|
0-0: Foul Ball, location: 2F 0-1: Fly out, F7 (Line Drive, 7, EV 91.3 MPH)
|
|
Batting: RHB Bob Hendershot
|
0-0: Called Strike 0-1: Ball 1-1: Called Strike 1-2: Ball 2-2: Foul Ball, location: 2F 2-2: Strikes out swinging
|
|
Batting: LHB Franklin Stubbs
|
0-0: Ball 1-0: Ball 2-0: Foul Ball, location: 2F 2-1: Ball 3-1: Fly out, F7 (Flyball, 7S, EV 76.3 MPH)
|
| Top of the 1st over - 0 runs, 0 hits, 0 errors, 0 left on base; Mobile 0 - Savannah 0 |
| BOTTOM OF THE 1ST |
|
Savannah Indians batting - Pitching for Mobile Bears : RHP Ruben Nevarez
|
|
Pitching: RHP Ruben Nevarez
|
|
|
Batting: RHB Angel Salazar
|
0-0: Ball 1-0: Foul Ball, location: 2F 1-1: Ball 2-1: Called Strike 2-2: Ground out 4-3 (Groundball, 4, EV 81.9 MPH)
|
|
Batting: RHB Jim Paciorek
|
0-0: Bunt missed! 0-1: Ground out 6-3 (Groundball, 6, EV 85.0 MPH)
|
|
Batting: LHB Kelvin Torve
|
0-0: Ball 1-0: Ball 2-0: Called Strike 2-1: Ball 3-1: Base on Balls
|
|
Batting: RHB Wade Rowdon
|
0-0: Ball 1-0: SINGLE (Flyball, 89S, EV 95.6 MPH) Kelvin Torve to second Runner from 2nd tries for 3rd, SAFE, no throw by RF
|
|
Batting: RHB Ramiro Gutierrez
|
0-0: Foul Ball, location: 2F 0-1: Called Strike 0-2: Foul Ball, location: 2F 0-2: Ball 1-2: Fielders Choice at 2nd, 5-4 (Groundball, 56, EV 82.5 MPH)
|
| Bottom of the 1st over - 0 runs, 1 hit, 0 errors, 2 left on base; Mobile 0 - Savannah 0 |
| TOP OF THE 2ND |
|
Mobile Bears batting - Pitching for Savannah Indians : LHP Dennis Rasmussen
|
|
Batting: SHB Dave Cochrane
|
0-0: SOLO HOME RUN (Flyball, 78XD, EV 95.6 MPH), Distance : 400 ft
|
|
Batting: RHB Jose Aguirre
|
0-0: Called Strike 0-1: Ground out 6-3 (Groundball, 6, EV 99.4 MPH)
|
|
Batting: SHB Paul Hundhammer
|
0-0: Ball 1-0: Ball 2-0: Fly out, F8 (Line Drive, 8RM, EV 108.1 MPH)
|
|
Batting: RHB Rick Stromer
|
0-0: Ball 1-0: Ball 2-0: Called Strike 2-1: Called Strike 2-2: Ball 3-2: Strikes out looking
|
| Top of the 2nd over - 1 run, 1 hit, 0 errors, 0 left on base; Mobile 1 - Savannah 0 |
| BOTTOM OF THE 2ND |
|
Savannah Indians batting - Pitching for Mobile Bears : RHP Ruben Nevarez
|
|
Batting: RHB Eddie Vargas
|
0-0: Called Strike 0-1: Ball 1-1: Ball 2-1: Ground out 6-3 (Groundball, 6, EV 86.3 MPH)
|
|
Batting: LHB Albert Castillo
|
0-0: SINGLE (Groundball, 34D, EV 102.5 MPH)
|
|
Batting: RHB Mario Diaz
|
0-0: Ball 1-0: Called Strike 1-1: Foul Ball, location: 2F 1-2: SINGLE (Groundball, 6MS, EV 75.6 MPH) (infield hit) Albert Castillo to second
|
|
Batting: RHB Dan Plante
|
0-0: Swinging Strike 0-1: Foul Ball, location: 2F 0-2: Fly out, F7 (Flyball, 78S, EV 85.6 MPH)
|
|
Batting: RHB Angel Salazar
|
0-0: Called Strike 0-1: Foul Ball, location: 2F 0-2: SINGLE (Line Drive, 89M, EV 111.9 MPH) Albert Castillo to third Mario Diaz to second Runner from 3rd tries for Home, SAFE, throw by RF to home
|
|
Batting: RHB Jim Paciorek
|
0-0: Called Strike 0-1: Ball 1-1: Ball 2-1: Called Strike 2-2: Ball 3-2: Foul Ball, location: 2F 3-2: Base on Balls Mario Diaz to third Angel Salazar to second
|
|
Batting: LHB Kelvin Torve
|
0-0: Ball 1-0: Ground out 3-1 (Groundball, 13, EV 78.8 MPH)
|
| Bottom of the 2nd over - 1 run, 3 hits, 0 errors, 3 left on base; Mobile 1 - Savannah 1 |
| TOP OF THE 3RD |
|
Mobile Bears batting - Pitching for Savannah Indians : LHP Dennis Rasmussen
|
|
Batting: RHB Jim Opie
|
0-0: Called Strike 0-1: Ball 1-1: Ground out 4-3 (Groundball, 4, EV 102.5 MPH)
|
|
Batting: RHB Alfred Welch
|
0-0: Called Strike 0-1: Ball 1-1: Ball 2-1: Ball 3-1: Called Strike 3-2: Strikes out swinging
|
|
Batting: LHB Jeffrey Szczecinski
|
0-0: Called Strike 0-1: Swinging Strike 0-2: Foul Ball, location: 2F 0-2: Ground out 3-1 (Groundball, 34, EV 83.8 MPH)
|
| Top of the 3rd over - 0 runs, 0 hits, 0 errors, 0 left on base; Mobile 1 - Savannah 1 |
| BOTTOM OF THE 3RD |
|
Savannah Indians batting - Pitching for Mobile Bears : RHP Ruben Nevarez
|
|
Batting: RHB Wade Rowdon
|
0-0: Ball 1-0: Called Strike 1-1: Foul Ball, location: 2F 1-2: Strikes out swinging
|
|
Batting: RHB Ramiro Gutierrez
|
0-0: Ball 1-0: Fly out, F7 (Flyball, 78M, EV 92.5 MPH)
|
|
Batting: RHB Eddie Vargas
|
0-0: Ball 1-0: Ball 2-0: Foul Ball, location: 2F 2-1: Foul Ball, location: 2F 2-2: Ball 3-2: Base on Balls
|
|
Batting: LHB Albert Castillo
|
0-0: Called Strike 0-1: Ground out 4-3 (Groundball, 34, EV 105.6 MPH)
|
| Bottom of the 3rd over - 0 runs, 0 hits, 0 errors, 1 left on base; Mobile 1 - Savannah 1 |
| TOP OF THE 4TH |
|
Mobile Bears batting - Pitching for Savannah Indians : LHP Dennis Rasmussen
|
|
Batting: RHB Bob Hendershot
|
0-0: Swinging Strike 0-1: Ball 1-1: Foul Ball, location: 2F 1-2: Ball 2-2: Ball 3-2: Base on Balls
|
|
Batting: LHB Franklin Stubbs
|
0-0: Called Strike 0-1: Called Strike 0-2: Ball 1-2: Ball 2-2: Fly out, F7 (Flyball, 7D, EV 97.5 MPH)
|
|
Batting: SHB Dave Cochrane
|
0-0: Ball 1-0: 2-RUN HOME RUN (Flyball, 78XD, EV 106.9 MPH), Distance : 429 ft
|
|
Batting: RHB Jose Aguirre
|
0-0: Called Strike 0-1: Fly out, F3 (Line Drive, 3, EV 66.3 MPH)
|
|
Batting: SHB Paul Hundhammer
|
0-0: Ball 1-0: Ball 2-0: Ball 3-0: Foul Ball, location: 2F 3-1: Foul Ball, location: 2F 3-2: Foul Ball, location: 2F 3-2: Strikes out looking
|
| Top of the 4th over - 2 runs, 1 hit, 0 errors, 0 left on base; Mobile 3 - Savannah 1 |
| BOTTOM OF THE 4TH |
|
Savannah Indians batting - Pitching for Mobile Bears : RHP Ruben Nevarez
|
|
Batting: RHB Mario Diaz
|
0-0: SINGLE (Groundball, 6MD, EV 100.0 MPH)
|
|
Batting: RHB Dan Plante
|
0-0: Ball 1-0: Grounds into double play, 6-4-3 (Groundball, 6, EV 103.8 MPH)
|
|
Batting: RHB Angel Salazar
|
0-0: Fly out, F7 (Flyball, 7LM, EV 76.3 MPH)
|
| Bottom of the 4th over - 0 runs, 1 hit, 0 errors, 0 left on base; Mobile 3 - Savannah 1 |
| TOP OF THE 5TH |
|
Mobile Bears batting - Pitching for Savannah Indians : LHP Dennis Rasmussen
|
|
Batting: RHB Rick Stromer
|
0-0: Called Strike 0-1: Ball 1-1: Ground out 6-3 (Groundball, 6, EV 105.6 MPH)
|
|
Batting: RHB Jim Opie
|
0-0: Ball 1-0: Ground out 5-3 (Groundball, 56S, EV 91.3 MPH)
|
|
Batting: RHB Alfred Welch
|
0-0: Swinging Strike 0-1: Called Strike 0-2: Ball 1-2: Strikes out swinging
|
| Top of the 5th over - 0 runs, 0 hits, 0 errors, 0 left on base; Mobile 3 - Savannah 1 |
| BOTTOM OF THE 5TH |
|
Savannah Indians batting - Pitching for Mobile Bears : RHP Ruben Nevarez
|
|
Batting: RHB Jim Paciorek
|
0-0: Called Strike 0-1: Foul Ball, location: 2F 0-2: Ball 1-2: Foul Ball, location: 2F 1-2: Ball 2-2: Foul Ball, location: 2F 2-2: Strikes out swinging
|
|
Batting: LHB Kelvin Torve
|
0-0: Ball 1-0: Ball 2-0: Ground out 5-3 (Groundball, 56S, EV 86.9 MPH)
|
|
Batting: RHB Wade Rowdon
|
0-0: Ball 1-0: Ball 2-0: Fly out, F8 (Flyball, 78D, EV 110.6 MPH)
|
| Bottom of the 5th over - 0 runs, 0 hits, 0 errors, 0 left on base; Mobile 3 - Savannah 1 |
| TOP OF THE 6TH |
|
Mobile Bears batting - Pitching for Savannah Indians : LHP Dennis Rasmussen
|
|
Batting: LHB Jeffrey Szczecinski
|
0-0: Fly out, F9 (Flyball, 9LM, EV 75.0 MPH)
|
|
Batting: RHB Bob Hendershot
|
0-0: Called Strike 0-1: Ball 1-1: Ball 2-1: Ball 3-1: SINGLE (Line Drive, 8LS, EV 98.8 MPH)
|
|
Batting: LHB Franklin Stubbs
|
0-0: Fly out, F3 (Popup, 34S, EV 69.4 MPH)
|
|
Batting: SHB Dave Cochrane
|
0-0: Ball Bob Hendershot is caught stealing 2nd base 2-4
|
| Top of the 6th over - 0 runs, 1 hit, 0 errors, 0 left on base; Mobile 3 - Savannah 1 |
| BOTTOM OF THE 6TH |
|
Savannah Indians batting - Pitching for Mobile Bears : RHP Ruben Nevarez
|
|
Batting: RHB Ramiro Gutierrez
|
0-0: Called Strike 0-1: Ground out 6-3 (Groundball, 6D, EV 85.6 MPH)
|
|
Batting: RHB Eddie Vargas
|
0-0: Ball 1-0: Ball 2-0: Called Strike 2-1: Ball 3-1: Called Strike 3-2: Foul Ball, location: 2F 3-2: Strikes out swinging
|
|
Batting: LHB Albert Castillo
|
0-0: Swinging Strike 0-1: Ball 1-1: Foul Ball, location: 2F 1-2: Foul Ball, location: 2F 1-2: Strikes out swinging
|
| Bottom of the 6th over - 0 runs, 0 hits, 0 errors, 0 left on base; Mobile 3 - Savannah 1 |
| TOP OF THE 7TH |
|
Mobile Bears batting - Pitching for Savannah Indians : LHP Dennis Rasmussen
|
|
Batting: SHB Dave Cochrane
|
0-0: Ball 1-0: Swinging Strike 1-1: Ball 2-1: Ball 3-1: Base on Balls
|
|
Batting: RHB Jose Aguirre
|
0-0: Grounds into double play, 4-6-3 (Groundball, 4, EV 108.8 MPH)
|
|
Batting: SHB Paul Hundhammer
|
0-0: Fly out, F8 (Line Drive, 8RD, EV 98.1 MPH)
|
| Top of the 7th over - 0 runs, 0 hits, 0 errors, 0 left on base; Mobile 3 - Savannah 1 |
| BOTTOM OF THE 7TH |
|
Savannah Indians batting - Pitching for Mobile Bears : RHP Ruben Nevarez
|
|
Batting: RHB Mario Diaz
|
0-0: Called Strike 0-1: Ball 1-1: Foul Ball, location: 2F 1-2: Ball 2-2: Ball 3-2: Ground out 4-3 (Groundball, 4, EV 91.3 MPH)
|
|
Batting: RHB Dan Plante
|
0-0: Foul Ball, location: 2F 0-1: Ground out 5-3 (Groundball, 56, EV 85.0 MPH)
|
|
Batting: RHB Angel Salazar
|
0-0: Foul Ball, location: 2F 0-1: SOLO HOME RUN (Flyball, 7D, EV 103.1 MPH), Distance : 366 ft
|
|
Batting: RHB Jim Paciorek
|
0-0: Called Strike 0-1: Ball 1-1: Swinging Strike 1-2: Ball 2-2: Ball 3-2: Base on Balls
|
|
Batting: LHB Kelvin Torve
|
0-0: Ball 1-0: Called Strike 1-1: Swinging Strike 1-2: Foul Ball, location: 2F 1-2: Ball 2-2: Fly out, F7 (Flyball, 7LS, EV 96.3 MPH)
|
| Bottom of the 7th over - 1 run, 1 hit, 0 errors, 1 left on base; Mobile 3 - Savannah 2 |
| TOP OF THE 8TH |
|
Mobile Bears batting - Pitching for Savannah Indians : LHP Dennis Rasmussen
|
|
Batting: RHB Rick Stromer
|
0-0: Ball 1-0: Called Strike 1-1: Ball 2-1: Swinging Strike 2-2: Ball 3-2: Ground out 5-3 (Groundball, 5, EV 105.0 MPH)
|
|
Batting: RHB Jim Opie
|
0-0: Ball 1-0: Ball 2-0: Called Strike 2-1: Foul Ball, location: 2F 2-2: Ball 3-2: Ground out 6-3 (Groundball, 6, EV 78.8 MPH)
|
|
Batting: RHB Alfred Welch
|
0-0: Ball 1-0: Called Strike 1-1: Foul Ball, location: 2F 1-2: Ball 2-2: Strikes out swinging
|
| Top of the 8th over - 0 runs, 0 hits, 0 errors, 0 left on base; Mobile 3 - Savannah 2 |
| BOTTOM OF THE 8TH |
|
Savannah Indians batting - Pitching for Mobile Bears : RHP Ruben Nevarez
|
|
Batting: RHB Wade Rowdon
|
0-0: Foul Ball, location: 2F 0-1: Foul Ball, location: 2F 0-2: Ball 1-2: Ball 2-2: Strikes out looking
|
|
Batting: RHB Ramiro Gutierrez
|
0-0: Ball 1-0: Swinging Strike 1-1: Foul Ball, location: 2F 1-2: Ball 2-2: Foul Ball, location: 2F 2-2: Ball 3-2: Base on Balls
|
|
Batting: RHB Eddie Vargas
|
0-0: Ball 1-0: Foul Ball, location: 2F 1-1: Swinging Strike 1-2: Strikes out swinging
|
|
Batting: LHB Albert Castillo
|
0-0: Swinging Strike 0-1: Fly out, F7 (Flyball, 7D, EV 101.9 MPH)
|
| Bottom of the 8th over - 0 runs, 0 hits, 0 errors, 1 left on base; Mobile 3 - Savannah 2 |
| TOP OF THE 9TH |
|
Mobile Bears batting - Pitching for Savannah Indians : LHP Dennis Rasmussen
|
|
Pitching: RHP Joel Willett
|
|
|
Batting: LHB Jeffrey Szczecinski
|
0-0: Fly out, F7 (Flyball, 7, EV 86.9 MPH)
|
|
Batting: RHB Bob Hendershot
|
0-0: Ball 1-0: Ball 2-0: Ball 3-0: Called Strike 3-1: Called Strike 3-2: DOUBLE (Flyball, 89XD, EV 97.5 MPH)
|
|
Batting: LHB Franklin Stubbs
|
0-0: Intentional Walk
|
|
Batting: SHB Dave Cochrane
|
0-0: Ball 1-0: Ball 2-0: Ball 3-0: Called Strike 3-1: Base on Balls Bob Hendershot to third Franklin Stubbs to second
|
|
Batting: RHB Jose Aguirre
|
0-0: Ball 1-0: Foul Ball, location: 2F 1-1: Fly out, F6 (Popup, 4M, EV 53.1 MPH)
|
|
Batting: SHB Paul Hundhammer
|
0-0: Foul Ball, location: 2F 0-1: Ball 1-1: Fly out, F3 (Popup, 34S, EV 78.1 MPH)
|
| Top of the 9th over - 0 runs, 1 hit, 0 errors, 3 left on base; Mobile 3 - Savannah 2 |
| BOTTOM OF THE 9TH |
|
Savannah Indians batting - Pitching for Mobile Bears : RHP Ruben Nevarez
|
|
Pitching: RHP Dave S Smith
|
|
|
Now in LF: Ken Smith
|
|
|
Pinch Hitting: LHB Roberto Hernandez
|
0-0: Foul Ball, location: 2F 0-1: Ball 1-1: Ball 2-1: Swinging Strike 2-2: Strikes out swinging
|
|
Pinch Hitting: LHB Felix Agapay
|
0-0: Ball 1-0: Called Strike 1-1: Called Strike 1-2: Ground out 4-3 (Groundball, 4, EV 86.9 MPH)
|
|
Batting: RHB Angel Salazar
|
0-0: Ball 1-0: Ground out 6-3 (Groundball, 6, EV 81.9 MPH)
|
| Bottom of the 9th over - 0 runs, 0 hits, 0 errors, 0 left on base; Mobile 3 - Savannah 2 |
|